 Dungeon Crawl Stone Soup version 0.31-a0-325-g067879e3d3 (webtiles) character file.

Game seed: 3665905585338875260

51 Babbit the Firebug (level 3, 0/26 HPs)
             Began as a Hill Orc Fire Elementalist on July 19, 2023.
             Succumbed to an adder's poison
             ... on level 2 of the Dungeon.
             The game lasted 00:16:29 (1412 turns).

Babbit the Firebug (Hill Orc Fire Elementalist)     Turns: 1412, Time: 00:16:29

Health: 0/26       AC:  6    Str: 12    XL:     3   Next: 81%
Magic:  3/5        EV: 11    Int: 15    God:
Gold:   91         SH:  0    Dex: 11    Spells: 2/5 levels left

rFire   . . .        (no weapon)
rCold   + . .        (no shield)
rNeg    . . .        d - +2 leather armour {rC+}
rPois   .            (no helmet)
rElec   .            (no cloak)
rCorr   .            (no gloves)
SInv    .            c - +0 pair of boots
Will    .....        (no amulet)
Stlth   ++           (no ring)
HPRegen 0.24/turn    (no ring)
MPRegen 0.09/turn

%: no passive effects
@: lethally poisoned (0 -> -3)
A: no striking features
a: no special abilities


You were on level 2 of the Dungeon.
You visited 1 branch of the dungeon, and saw 2 of its levels.

You collected 91 gold pieces.

Inventory:

Armour
 a - a +0 robe
 c - a +0 pair of boots (worn)
 d - a +2 leather armour of cold resistance (worn)
Potions
 b - a potion of magic
 e - a potion of curing {unknown}


   Skills:
 + Level 2.0 Dodging
 + Level 2.1 Stealth
 + Level 1.9 Spellcasting
 + Level 1.7 Conjurations
 + Level 3.7 Fire Magic


You had 2 spell levels left.
You knew the following spells:

 Your Spells              Type           Power      Damage    Failure   Level
a - Foxfire               Conj/Fire      36%        2x1d5     10%         1
b - Scorch                Fire           24%        2d6       10%         2

Your spell library contained the following spells:

 Spells                   Type           Power      Damage    Failure   Level
 Inner Flame              Hex/Fire       7%         N/A       36%         3
 Volatile Blastmotes      Fire/Tloc      14%        2d11      36%         3
 Flame Wave               Conj/Fire      9%         2d6       67%         4


Dungeon Overview and Level Annotations

Branches:
Dungeon (2/15)

Altars:


Message History

You conjure some foxfire!
You feel sick. The adder bites you.
You are more poisoned.
The adder poisons you! The adder barely misses you.
Your foxfire dissipates!
You feel sick.
The foxfire hits the adder.
The adder is almost dead.
The adder barely misses you. The adder attacks as you move away!
The adder completely misses you.
You feel sick. The adder attacks as you move away! The adder bites you.
You are more poisoned.
The adder poisons you!
You feel sick. The adder bites you but does no damage.
Casting: Foxfire (safe; 10% risk of failure)
Confirm with . or Enter, or press ? or * to list all spells.
You conjure some foxfire!
You feel sick. The adder bites you.
You are lethally poisoned!
The adder poisons you!
Your foxfire dissipates!
* * * LOW HITPOINT WARNING * * *
You feel sick. The adder attacks as you move away!
The adder bites you but does no damage.
* * * LOW HITPOINT WARNING * * *
You feel sick. The adder bites you but does no damage.
You hit the adder but do no damage.
The adder is almost dead.
* * * LOW HITPOINT WARNING * * *
You feel sick. The adder barely misses you.
You barely miss the adder.
The adder is almost dead.
* * * LOW HITPOINT WARNING * * *
You feel sick. The adder closely misses you.
You hit the adder.
You kill the adder!
* * * LOW HITPOINT WARNING * * *
You feel sick.
There is a lethal amount of poison in your body!
There is a lethal amount of poison in your body!
There is a lethal amount of poison in your body!
There is a lethal amount of poison in your body!
You die...

##....#
#..... #....
#... #..##
#...
####.#######
#..@.†.....#
#.##.####.##
#.##.# #.#
#.##.#
#....#
#†##.#
#..#.#
#.##.# #..#
# #.##.#
#..# #.##.#
#.)# ##.##.#
#..#


There were no monsters in sight!

Vanquished Creatures
  2 adders (D:2)
  A dart slug (D:1)
  A bat (D:1)
  6 endoplasms
  A giant cockroach (D:1)
  2 hobgoblins (D:1)
  2 quokkas (D:1)
  3 ball pythons
  8 frilled lizards (D:1)
  2 goblins
  A kobold (D:1)
  A rat (D:1)
30 creatures vanquished.

Vanquished Creatures (others)
  32 foxfires
32 creatures vanquished.

Grand Total: 62 creatures vanquished

Notes
Turn   | Place    | Note
-------+----------+-------------------------------------------
     0 | D:1      | Babbit the Hill Orc Fire Elementalist began the quest for
                  | the Orb.
     0 | D:1      | Reached XP level 1. HP: 14/14 MP: 3/3
   259 | D:1      | Reached XP level 2. HP: 20/20 MP: 4/4
   368 | D:1      | Learned a level 2 spell: Scorch
   986 | D:1      | Reached XP level 3. HP: 25/26 MP: 5/5
  1411 | D:2      | HP: 1/26 [poisoned by an adder]
  1412 | D:2      | Succumbed to an adder's poison

Illustrated notes

Levels and vault maps discovered:
D:1:      nicolae_arrival_washed_ashore, layout_basic, minmay_lizard_king
D:2:      layout_basic, serial_shops, nicolae_shop_tiny_real_fake_doors,
          uniq_sigmund, uniq_terence, uniq_natasha

Skill      XL: |  1  2  3 |
---------------+----------+-----
Stealth        | 2 |  2.1
Dodging        | 2 |  2.0
Spellcasting   | |  1.9
Conjurations   | |  1.7
Fire Magic     | |  3.7

Action                     || total
---------------------------++-------
  Melee: Unarmed           ||   155
         Punch             ||     5
   Cast: Foxfire           ||    24
    Use: Scroll            ||     3
 Armour: Robe              ||    23
         Leather armour    ||    46
  Dodge: Dodged            ||   104

Table legend: (Time is in decaauts)
 A = Elapsed time spent in this place.
 B = Non-inter-level travel time spent in this place.
 C = Inter-level travel time spent in this place.
 D = Time resting spent in this place.
 E = Time spent auto-exploring this place.
 F = Levels seen in this place.
 G = Mean time per level.
                   A        B        C        D        E       F      G
               +--------+--------+--------+--------+--------+-----+--------+
         Total |   1420 |    869 |    551 |    155 |      0 |   2 |  710.0 |
       Dungeon |   1420 |    869 |    551 |    155 |      0 |   2 |  710.0 |
               +--------+--------+--------+--------+--------+-----+--------+

Top non-repeatable levels by time:
     D:1: 1152 daAuts
     D:2: 267 daAuts
